 Dungeon Crawl Stone Soup version 0.29-a0-330-g52719c12eb (webtiles) character file.

Game seed: 18091697329517120665

2 Flugslaktarn the Stinger (level 1, 3/13 HPs)
             Began as a Human Venom Mage on Apr 12, 2022.
             Quit the game on level 1 of the Dungeon.
             The game lasted 00:00:18 (56 turns).

Flugslaktarn the Stinger (Human Venom Mage)           Turns: 56, Time: 00:00:19

Health: 3/13       AC:  2    Str:  8    XL:     1   Next: 33%
Magic:  0/3        EV: 12    Int: 15    God:
Gold:   0          SH:  0    Dex: 13    Spells: 3/4 levels left

rFire   . . .      SeeInvis .   (no weapon)
rCold   . . .      Faith    .   (no shield)
rNeg    . . .      Spirit   .   a - +0 robe
rPois   .          Reflect  .   (no helmet)
rElec   .          Harm     .   (no cloak)
rCorr   .          Rampage  .   (no gloves)
Will    .....                   (no boots)
Stlth   ++........              (no amulet)
HPRegen 0.04/turn               (no ring)
MPRegen 0.08/turn               (no ring)

@: very slightly contaminated
A: no striking features
a: no special abilities


You were on level 1 of the Dungeon.
You visited 1 branch of the dungeon, and saw 1 of its levels.

Inventory:

Armour
 a - a +0 robe (worn)


   Skills:
 - Level 2.0 Dodging
 - Level 2.0 Stealth
 - Level 2.0 Spellcasting
 + Level 1.3 Transmutations
 - Level 3.0 Poison Magic


You had 3 spell levels left.
You knew the following spells:

 Your Spells              Type           Power      Damage    Failure   Level
a - Sting                 Tmut/Pois      28%        1d4       10%         1

Your spell library contained the following spells:

 Spells                   Type           Power      Damage    Failure   Level
 Poisonous Vapours        Pois/Air       12%        N/A       19%         2
 Mephitic Cloud           Conj/Pois/Air  4%         N/A       41%         3
 Olgreb's Toxic Radiance  Pois           10%        N/A       54%         4


Dungeon Overview and Level Annotations

Branches:
Dungeon (1/15)

Altars:


Message History

Aiming: Sting (safe; 10% risk of failure)
Press: ? - help, Shift-Dir - straight line, f/p - endoplasm
Aim: an endoplasm (heavily wounded, very poisoned, 97% to hit)
The sting hits the endoplasm but does no damage.
The endoplasm looks even sicker.
The endoplasm is heavily wounded.
The endoplasm hits you.
You hit the endoplasm.
The endoplasm is almost dead.
The endoplasm barely misses you. The bat hits you.
You hit the endoplasm.
You kill the endoplasm!
The bat misses you.
Casting: Sting (safe; 10% risk of failure)
Confirm with . or Enter, or press ? or * to list all spells.
You don't have enough magic to cast this spell.
The bat hits you but does no damage. The bat closely misses you.
The bat attacks as you move away! The bat hits you.
Found 2 gold pieces and a glowing emerald potion.
The bat misses you.
Found a glowing whip.
The bat closely misses you.
A ball python comes into view.
The ball python hisses angrily.
The bat hits you but does no damage.
A kobold and a rat come into view.
The kobold is wielding a +2 short sword of venom.
The bat hits you but does no damage.
A hobgoblin comes into view.
The bat hits you. The bat completely misses you.
The kobold shouts!
The bat attacks as you move away! The bat closely misses you.
The bat barely misses you. The bat hits you but does no damage.
The bat hits you. The bat hits you but does no damage.
The bat attacks as you move away! The bat closely misses you. x2
The bat completely misses you.
Casting: Sting (safe; 10% risk of failure)
Confirm with . or Enter, or press ? or * to list all spells.
Aiming: Sting (safe; 10% risk of failure)
Press: ? - help, Shift-Dir - straight line, f - bat
Aim: a bat (52% to hit)
You miscast Sting.
You are very lightly contaminated with residual magic.
Nothing appears to happen.
The bat barely misses you.
The ball python attacks as you move away!
The ball python bites you. The bat hits you but does no damage.
The bat hits you but does no damage.
The ball python attacks as you move away!
The ball python bites you but does no damage.
The bat misses you. The ball python barely misses you.
The ball python grabs you. The ball python constricts you.
* * * LOW HITPOINT WARNING * * *
You escape the ball python's grasp.
The bat attacks as you move away! The bat closely misses you.
The bat barely misses you.
Your magical contamination has completely faded away.
The bat attacks as you move away! The bat hits you but does no damage.
The bat hits you.
* * * LOW HITPOINT WARNING * * *
The bat closely misses you. Magic courses through your body.
The bat barely misses you.
Casting: Sting (safe; 10% risk of failure)
Confirm with . or Enter, or press ? or * to list all spells.
Aiming: Sting (safe; 10% risk of failure)
Press: ? - help, Shift-Dir - straight line, f/p - bat
Aim: a bat (52% to hit)
The sting hits the bat but does no damage.
The bat is poisoned.
The bat closely misses you. The bat hits you but does no damage.
Casting: Sting (safe; 10% risk of failure)
Confirm with . or Enter, or press ? or * to list all spells.
Aiming: Sting (safe; 10% risk of failure)
Press: ? - help, Shift-Dir - straight line, f/p - bat
Aim: a bat (moderately wounded, poisoned, 52% to hit)
You miscast Sting.
You are very lightly contaminated with residual magic.
Nothing appears to happen.
The bat closely misses you.
Casting: Sting (safe; 10% risk of failure)
Confirm with . or Enter, or press ? or * to list all spells.
Aiming: Sting (safe; 10% risk of failure)
Press: ? - help, Shift-Dir - straight line, f/p - bat
Aim: a bat (moderately wounded, poisoned, 52% to hit)
The sting misses the bat.
The sting misses the ball python.
The sting misses the kobold.
The bat hits you but does no damage. The bat barely misses you.
Unknown command.
You closely miss the bat.
The bat is moderately wounded.
The bat barely misses you.
You closely miss the bat.
The bat is severely wounded.
The bat misses you.
You kill the bat!
A goblin comes into view. It is wielding a +0 dagger.
A goblin comes into view. It is wielding a +0 club.
The goblin shouts!
Casting: Sting (safe; 10% risk of failure)
Confirm with . or Enter, or press ? or * to list all spells.
You don't have enough magic to cast this spell.
Are you sure you want to abandon this character and quit the game? (Confirm with "yes".)

.........#..........#
....................#
...........K.......##
...........#......##
.$....r....#####.##
...........## #K#
............# #.#
.......K...## #S#
...........# #@#
.........#.# #.#
..#.!....#.# #..
#.##)..#.#.# #g.. #
....#.... .....
g........ #.....
......#.... #......
#....g..


You could see 2 goblins, a ball python and a kobold.

Vanquished Creatures
  An endoplasm (D:1)
  A bat (D:1)
2 creatures vanquished.

Notes
Turn   | Place    | Note
-------+----------+-------------------------------------------
     0 | D:1      | Flugslaktarn the Human Venom Mage began the quest for the
                  | Orb.
     0 | D:1      | Reached XP level 1. HP: 13/13 MP: 3/3
    56 | D:1      | Quit the game

Illustrated notes

Levels and vault maps discovered:
D:1:      tarquinn_simple_flora_water_d, layout_rooms,
          hellmonk_ecumenical_altar_crossroads, minmay_misc_feat_cross,
          amcnicky_mini_pool_small

Action                   || total
-------------------------++-------
Melee: Unarmed           ||     4
 Cast: Sting             ||     5
  Use: Potion            ||     1
Armor: Robe              ||    11
Dodge: Dodged            ||    23

Table legend: (Time is in decaauts)
 A = Elapsed time spent in this place.
 B = Non-inter-level travel time spent in this place.
 C = Inter-level travel time spent in this place.
 D = Time resting spent in this place.
 E = Time spent auto-exploring this place.
 F = Levels seen in this place.
 G = Mean time per level.
                   A        B        C        D        E       F      G
               +--------+--------+--------+--------+--------+-----+--------+
         Total |     57 |     57 |      0 |      0 |      0 |   1 |   57.0 |
       Dungeon |     57 |     57 |      0 |      0 |      0 |   1 |   57.0 |
               +--------+--------+--------+--------+--------+-----+--------+

Top non-repeatable levels by time:
     D:1: 57 daAuts
